 Dungeon Crawl Stone Soup version 0.25.1-2-g60ff931df9 (webtiles) character file.

Game seed: 2437332745880603991

172 raphialitos the Shield-Bearer (level 5, -1/42 HPs)
             Began as a Formicid Fighter on Nov 9, 2020.
             Was a Follower of Cheibriados.
             Succumbed to Pikel's poison gas
             ... on level 3 of the Dungeon.
             The game lasted 00:06:42 (3608 turns).

raphialitos the Shield-Bearer (Formicid Fighter)    Turns: 3608, Time: 00:06:43

Health: -1/42      AC:  7    Str: 25    XL:     5   Next: 82%
Magic:  5/5        EV:  8    Int: 10    God:    Cheibriados [*.....]
Gold:   142        SH: 10    Dex: 13    Spells: 4/4 levels left

rFire    . . .     SeeInvis +   a - +0 quarterstaff
rCold    . . .     Gourm    .   c - +0 kite shield
rNeg     . . .     Faith    .   b - +0 scale mail
rPois    .         Spirit   .   (helmet unavailable)
rElec    .         Reflect  .   j - scarf {harm}
rCorr    .         Harm     +   (no gloves)
MR       .....                  (no boots)
Stlth    ..........             (no amulet)
HPRegen  0.14/turn              (no ring)
MPRegen  0.09/turn              (no ring)

@: lethally poisoned (-1 -> -22), very slow
A: permanent stasis, dig shafts and tunnels, four strong arms, antennae 3
a: Dig, Shaft Self, Bend Time, Renounce Religion


You were on level 3 of the Dungeon.
You worshipped Cheibriados.
Cheibriados was aware of your devotion.
You were not hungry.

You visited 1 branch of the dungeon, and saw 4 of its levels.

You collected 142 gold pieces.

Inventory:

Hand Weapons
 a - a +0 quarterstaff (weapon)
Missiles
 h - 40 arrows
 i - 17 bolts
 l - 20 poisoned darts (quivered)
 n - 24 sling bullets
Armour
 b - a +0 scale mail (worn)
 c - a +0 kite shield (worn)
 j - a scarf of harm (worn)
Wands
 q - a wand of digging (7)
Scrolls
 e - a scroll of amnesia
 g - 3 scrolls of identify
 m - a scroll of fog {unknown}
 p - a scroll of enchant weapon {unknown}
Potions
 d - a potion of might
 k - 3 potions of haste
Comestibles
 f - 6 rations


   Skills:
 + Level 4.0 Fighting
 + Level 3.6 Staves
 + Level 4.2 Armour
 + Level 0.3 Dodging
 + Level 4.7 Shields


You had 4 spell levels left.
You didn't know any spells.
Your spell library was empty.

Dungeon Overview and Level Annotations

Branches:
Dungeon (4/15)
 Temple: D:4-7

Altars:
Cheibriados
Gozag
Wu Jian
Zin

Annotations:
D:3 Pikel


Innate Abilities, Weirdness & Mutations

You cannot be hasted, slowed, berserked, paralysed or teleported.
You can dig through walls and to a lower floor.
Your four strong arms can wield two-handed weapons with a shield.
You have a pair of large antennae on your head. (SInv)


Message History

You feel very sick.
The slave dies!
Pikel is engulfed in poison gas.
Pikel is poisoned.
* * * LOW HITPOINT WARNING * * *
You feel sick.
Pikel is engulfed in poison gas.
Pikel looks even sicker.
* * * LOW HITPOINT WARNING * * *
You feel very sick.
Pikel is engulfed in poison gas.
Pikel looks even sicker.
Pikel is engulfed in poison gas.
Pikel looks as sick as possible!
There is a stone staircase leading up here.
* * * LOW HITPOINT WARNING * * *
You feel sick.
You climb upwards.
* * * LOW HITPOINT WARNING * * *
You feel sick.
There is a stone staircase leading down here.
Okay, then.
It was a potion of haste.
Your stasis prevents you from being hasted.
You die...

##.# #.###.###.#
#.######### #.# #...'.'...#
#.........< #.# #####.#####
#.########. #.# #.#
#..........
#.#######'#######..####..#.
#..........................
#######....###.#.#.........
####K###.#.##########
#@................
#.###.############ #.#
#.......# *** ###.#
#รท).....#***8* #...#
#.......#*8,,, #...#
#.......##..., #...#
##......#_..., #...#
#......##..., ###)#
#......##8..,


You could see Pikel (extremely poisoned).

Vanquished Creatures
  2 slaves (D:4)
  6 gnolls (D:3)
  3 adders (D:2)
  3 worms (D:2)
  A dart slug (D:3)
  2 leopard geckos
  10 orcs
  8 bats
  A giant cockroach (D:3)
  8 goblins
  5 hobgoblins
  4 jackals (D:3)
  8 kobolds
  3 frilled lizards (D:2)
  2 rats (D:3)
66 creatures vanquished.

Vanquished Creatures (others)
  A slave (D:4)
1 creature vanquished.

Grand Total: 67 creatures vanquished

Notes
Turn   | Place    | Note
-------+----------+-------------------------------------------
     0 | D:1      | raphialitos the Formicid Fighter began the quest for the
                  | Orb.
     0 | D:1      | Reached XP level 1. HP: 18/18 MP: 1/1
   464 | D:1      | Reached XP level 2. HP: 24/24 MP: 2/2
   806 | D:2      | Reached XP level 3. HP: 19/29 MP: 3/3
  1375 | D:2      | Reached XP level 4. HP: 33/37 MP: 4/4
  1661 | D:2      | Found a snail-covered altar of Cheibriados.
  1865 | D:2      | Became a worshipper of Cheibriados the Contemplative
  1951 | D:3      | Found an opulent altar of Gozag.
  2108 | D:3      | Reached XP level 5. HP: 27/42 MP: 5/5
  2456 | D:3      | Found an ornate altar of the Wu Jian Council.
  2603 | D:3      | Reached * piety under Cheibriados
  3217 | D:3      | Found a glowing silver altar of Zin.
  3336 | D:4      | Noticed a slave
  3349 | D:4      | Killed a slave
  3398 | D:4      | Noticed a slave
  3419 | D:4      | Killed a slave
  3589 | D:4      | Noticed Pikel
  3590 | D:4      | Noticed a slave
  3591 | D:4      | Noticed a slave
  3603 | D:4      | Killed a slave
  3607 | D:3      | HP: 1/42 [poisoned by Pikel (poison gas)]
  3608 | D:3      | Succumbed to Pikel's poison gas

Illustrated notes

Levels and vault maps discovered:
D:1:      lemuel_arrival_lava_pool, layout_basic
D:2:      layout_loops_ring, lemuel_round_altar, first_ration
D:3:      layout_basic, grunt_gozag_breadcrumbs, nicolae_overflow_hidden_temple,
          lemuel_round_altar, minmay_door_square
D:4:      layout_loops_ring, nemelex_xobeh_ov_fountains_minmay, serial_bayou,
          serial_bayou_pond_c, serial_bayou_lake_a, serial_bayou_pond_a,
          serial_bayou_pond_e, chequers_serial_rivers_marsh, uniq_pikel,
          uniq_blork_the_orc

Skill      XL: |  1  2  3  4  5 |
---------------+----------------+-----
Shields        | 4 |  4.7
Staves         | 3 |  3.6
Armour         | 4 |  4.2
Fighting       | 4 |  4.0
Dodging        | |  0.3

Action                   |  1- 3 |  4- 6 || total
-------------------------+-------+-------++-------
Melee: Quarterstaff      |    87 |   150 ||   237
  Use: Scroll            |     2 |     2 ||     4
       Potion            |       |     1 ||     1
  Eat: Chunk             |     2 |     5 ||     7
Armor: Scale mail        |    46 |    49 ||    95
Dodge: Dodged            |    38 |    43 ||    81
Block: Kite shield       |    58 |    83 ||   141
